 Dungeon Crawl Stone Soup version 0.26-a0-27-g1f0226971c (webtiles) character file.

Game seed: 5263467180876432054, levelgen mode: deterministic

508 Dirian the Chopper (level 6, -1/53 HPs)
             Began as a Minotaur Fighter on May 27, 2020.
             Was a Follower of Yredelemnul.
             Slain by an ogre
             ... wielding a +0 giant club
              (12 damage)
             ... on level 4 of the Dungeon.
             The game lasted 00:04:33 (2743 turns).

Dirian the Chopper (Minotaur Fighter)               Turns: 2743, Time: 00:04:33

Health: -1/53      AC:  9    Str: 22    XL:     6   Next: 98%
Magic:  6/6        EV:  7    Int:  5    God:    Yredelemnul [*.....]
Gold:   157        SH: 10    Dex: 10    Spells: 5/5 levels left

rFire    . . .     SeeInvis .   a - +0 war axe
rCold    . . .     Gourm    .   c - +0 kite shield
rNeg     . . .     Faith    .   b - +0 scale mail
rPois    .         Spirit   .   (helmet restricted)
rElec    .         Reflect  .   u - +1 cloak
rCorr    .         Harm     .   (no gloves)
MR       .....                  (no boots)
Stlth    ..........             (no amulet)
HPRegen  0.17/turn              (no ring)
MPRegen  0.10/turn              (no ring)

@: no status effects
A: retaliatory headbutt, horns 2
a: Animate Remains, Renounce Religion


You were on level 4 of the Dungeon.
You worshipped Yredelemnul.
Yredelemnul was aware of your devotion.
You were not hungry.

You visited 1 branch of the dungeon, and saw 4 of its levels.

You collected 193 gold pieces.
You spent 36 gold pieces at shops.

Inventory:

Hand Weapons
 a - a +0 war axe (weapon)
Armour
 b - a +0 scale mail (worn)
 c - a +0 kite shield (worn)
 j - a +0 chain mail
 u - a +1 cloak (worn)
Jewellery
 q - a +4 ring of evasion {unknown}
Scrolls
 g - 2 scrolls of amnesia {unknown}
 h - a scroll of teleportation {unknown}
 k - a scroll of remove curse {unknown}
 m - a scroll of noise {unknown}
 o - 2 scrolls of enchant weapon {unknown}
 s - a scroll of identify {unknown}
 v - a scroll of random uselessness {unknown}
Potions
 d - 3 potions of might
 e - a potion of brilliance {unknown}
 i - a potion of curing
 l - 2 potions of lignification {unknown}
 n - a potion of heal wounds {unknown}
 p - a potion of haste {unknown}
 t - a potion of magic {unknown}
Comestibles
 f - 6 rations
 r - 3 chunks of flesh


   Skills:
 + Level 4.5 Fighting
 * Level 6.6 Axes
 + Level 5.3 Armour
 + Level 4.9 Shields
 * Level 1.4 Invocations


You had 5 spell levels left.
You didn't know any spells.
Your spell library was empty.

Dungeon Overview and Level Annotations

Branches:
Dungeon (4/15)
 Temple: D:4-7

Altars:
Dithmenos
Sif Muna
Yredelemnul
The Shining One

Shops:
D:4 *


Innate Abilities, Weirdness & Mutations

You reflexively headbutt those who attack you in melee.
You have a pair of horns on your head.


Message History

A gnoll comes into view. It is wielding a +0 spear.
The gnoll throws a throwing net.
You block the throwing net.
You see here a throwing net.
Some of the chunks of flesh in your inventory have rotted away.
The gnoll throws a throwing net.
The throwing net completely misses you.
You hit the ogre but do no damage. You headbutt the ogre.
The ogre is lightly wounded.
The ogre barely misses you. You furiously retaliate!
You headbutt the ogre. You hit the ogre but do no damage.
You headbutt the ogre.
The ogre is moderately wounded.
The ogre hits you with a +0 giant club!
* * * LOW HITPOINT WARNING * * *
You slice the ogre!!
The ogre is almost dead.
The ogre barely misses you.
You barely miss the ogre.
The ogre is almost dead.
You block the gnoll's attack. The ogre hits you with a +0 giant club!
You die...
Your body rises from the dead as a mindless zombie.

.#..########'### #......
.#..# ...#.# #......
.#..#.####.#.##### .
#....## ##..#........#...
...... .....#
....######.#.#.####.....#
....# #.#.....##.....#
##### ## #.#.#.##.....#
...#.....(......+
.......#.#@##.....#
..####.#.#O#.....###
.........g(.......#
..#...#.........#.# ....
#...#......∩..# ....
#...#.........# ....
#........[...## ...
#...#......+... ..
....#......####. . #


You could see an ogre and a gnoll.

Vanquished Creatures
  A phantom (D:4)
  A crimson imp (D:3)
  A hound (D:4)
  A bullfrog skeleton (D:4)
  A jelly (D:4)
  5 worker ants
  11 adders
  An ooze (D:2)
  A worm (D:3)
  2 dart slugs
  4 leopard geckos
  An orc (D:4)
  4 bats
  4 giant cockroaches
  5 goblins
  8 hobgoblins
  6 jackals (D:2)
  7 kobolds
  A ball python (D:2)
  4 frilled lizards
  4 rats
73 creatures vanquished.

Notes
Turn   | Place    | Note
-------+----------+-------------------------------------------
     0 | D:1      | Dirian the Minotaur Fighter began the quest for the Orb.
     0 | D:1      | Reached XP level 1. HP: 19/19 MP: 0/0
   147 | D:1      | Reached XP level 2. HP: 12/27 MP: 1/1
   800 | D:1      | Reached skill level 3 in Axes
  1031 | D:2      | Reached XP level 3. HP: 33/33 MP: 2/2
  1449 | D:2      | Reached XP level 4. HP: 31/40 MP: 3/3
  1776 | D:3      | Reached skill level 4 in Axes
  1820 | D:3      | Found a shimmering blue altar of Sif Muna.
  1865 | D:3      | Found a glowing golden altar of the Shining One.
  1894 | D:3      | Reached XP level 5. HP: 43/46 MP: 4/4
  1927 | D:3      | Found a shadowy altar of Dithmenos.
  2141 | D:3      | Found a faded altar of an unknown god.
  2163 | D:3      | Reached skill level 5 in Axes
  2167 | D:3      | Became a worshipper of Yredelemnul the Dark
  2167 | D:3      | Reached * piety under Yredelemnul
  2540 | D:4      | Reached XP level 6. HP: 48/53 MP: 5/5
  2563 | D:4      | Reached skill level 5 in Armour
  2644 | D:4      | Reached skill level 6 in Axes
  2644 | D:4      | Reached skill level 1 in Invocations
  2721 | D:4      | Found Cusm's Commerce Corner.
  2731 | D:4      | Bought a potion of curing for 36 gold pieces
  2743 | D:4      | Slain by an ogre

Illustrated notes

Levels and vault maps discovered:
D:1:      dpeg_arrival_stone_temple_mockup, layout_loops_cross, serial_rivers,
          chequers_serial_rivers_large_b, chequers_serial_rivers_micro_b,
          chequers_serial_rivers_small_b, chequers_serial_rivers_marsh
D:2:      layout_rooms, minmay_tromino_i4
D:3:      layout_loops_ring, lemuel_doored_altar,
          nicolae_overflow_crystal_walls, overflow_temple_1_default,
          chequers_ecumenical_altar_island, first_ration, kennysheep_nondescript
D:4:      layout_basic, nicolae_alphabet_shops

Skill      XL: |  1  2  3  4  5  6 |
---------------+-------------------+-----
Shields        | 4 |  4.9
Fighting       | 4 |  4.5
Armour         | 4 5 |  5.3
Axes           | 3 4 5 6 |  6.6
Invocations    | 1 |  1.4

Action                   |  1- 3 |  4- 6 || total
-------------------------+-------+-------++-------
Melee: War axe           |    96 |   104 ||   200
       Headbutt          |    14 |    18 ||    32
  Use: Potion            |       |     1 ||     1
  Eat: Chunk             |     2 |     4 ||     6
Armor: Scale mail        |    67 |    51 ||   118
Dodge: Dodged            |    44 |    42 ||    86
Block: Kite shield       |    80 |    57 ||   137

Table legend:
 A = Non-vault XP
 B = Vault XP
 C = Vault XP percentage of total XP
 D = Non-vault monster count
 E = Vault monster count
 F = Vault count percentage of total count
                 A         B        C        D         E       F
            +---------+---------+-------+---------+---------+-------
      Total |     721 |       5 |   0.7 |      70 |       3 |   4.1
            +---------+---------+-------+---------+---------+-------
        D:1 |      38 |       0 |   0.0 |      20 |       0 |   0.0
        D:2 |      76 |       5 |   6.2 |      22 |       3 |  12.0
        D:3 |     170 |       0 |   0.0 |      16 |       0 |   0.0
        D:4 |     437 |       0 |   0.0 |      12 |       0 |   0.0
            +---------+---------+-------+---------+---------+-------
